 Dungeon Crawl Stone Soup version 0.18.1-48-g4cf74bf (webtiles) character file.

1071 TaintedEon the Covered (level 8, -6/70 HPs)
             Began as a Minotaur Berserker on Aug 15, 2016.
             Was an Elder of Trog.
             Mangled by an ogre
             ... wielding a +0 giant club
              (18 damage)
             ... on level 6 of the Dungeon.
             The game lasted 00:23:21 (5663 turns).

TaintedEon the Covered (Minotaur Berserker)         Turns: 5663, Time: 00:23:22

Health: -6/70      AC: 18    Str: 24    XL:     8   Next: 7%
Magic:  7/7        EV: 11    Int:  6    God:    Trog [****..]
Gold:   318        SH:  0    Dex: 14    Spells: 0 memorised, 7 levels left

rFire  + . .     SeeInvis +     v - +1 great mace
rCold  . . .     Gourm    .     f - +1 chain mail "Caynt" {rCorr Str+2}
rNeg   . . .     Faith    .     (shield currently unavailable)
rPois  .         Spirit   .     q - +3 crown of Dyrovepreva {rElec Int+2 SInv}
rElec  +         Dismiss  .     (no cloak)
rCorr  +         Reflect  .     p - +1 pair of gloves
SustAt .         Harm     .     x - +0 pair of boots
MR     ++...                    h - amulet of magic regeneration
Stlth  ..........               j - ring of protection from fire
                                r - +2 ring of dexterity

@: regenerating, very resistant to hostile enchantments, extremely unstealthy
A: retaliatory headbutt, horns 2
a: Berserk, Trog's Hand, Brothers in Arms, Burn Spellbooks, Renounce Religion


You were on level 6 of the Dungeon.
You worshipped Trog.
Trog was greatly pleased with you.
You were not hungry.

You visited 1 branch of the dungeon, and saw 6 of its levels.

You collected 318 gold pieces.

Inventory:

Hand Weapons
 b - a +0 battleaxe
 v - a +1 great mace (weapon)
Armour
 a - a +0 plate armour
 d - a +1 scale mail
 f - the +1 chain mail "Caynt" (worn) {rCorr Str+2}
   (You found it on level 4 of the Dungeon)

   It affects your strength (+2).
   It protects you from acid and corrosion.
 n - a +1 ring mail
 p - a +1 pair of gloves (worn)
 q - the +3 crown of Dyrovepreva (worn) {rElec Int+2 SInv}
   (You found it on level 6 of the Dungeon)

   It affects your intelligence (+2).
   It insulates you from electricity.
   It lets you see invisible.
 x - a +0 pair of boots (worn)
Jewellery
 h - an amulet of magic regeneration (around neck)
 j - a ring of protection from fire (right hand)
 r - a +2 ring of dexterity (left hand)
Wands
 l - a wand of acid (9/15)
Scrolls
 e - a scroll of enchant armour
 g - a scroll of magic mapping
 k - a scroll of random uselessness
 m - a scroll of fear
 o - 3 scrolls of teleportation
 t - a scroll of enchant weapon
 u - 2 scrolls of identify
 B - 2 scrolls of recharging
Potions
 C - a potion of invisibility
Comestibles
 c - 2 meat rations
 i - 5 bread rations
 s - a fruit
 w - a beef jerky
 z - a royal jelly


   Skills:
 + Level 6.0 Fighting
 + Level 4.5(5.3) Axes
 + Level 4.1(5.1) Maces & Flails
 + Level 6.9 Armour
 + Level 5.5 Dodging
 + Level 1.0 Stealth


You had 7 spell levels left.
You didn't know any spells.

Dungeon Overview and Level Annotations

Branches:
Dungeon (6/15)             Temple (0/1) D:6

Altars:
Elyvilon
Gozag
Kikubaaqudgha
Pakellas
Sif Muna
Trog
Zin

Annotations:
D:6 Menkaure


Innate Abilities, Weirdness & Mutations

You reflexively headbutt those who attack you in melee.
You have a pair of horns on your head.


Message History

Menkaure hits you! The ogre closely misses you. You furiously retaliate!
You headbutt the ogre. Menkaure hits you!
* * * LOW HITPOINT WARNING * * *
You hit the ogre. You headbutt the ogre.
The ogre is almost dead.
The ogre hits you but does no damage. Menkaure hits you.
* * * LOW HITPOINT WARNING * * *
The ogre closely misses you.
You thump Menkaure!
You headbutt Menkaure, but do no damage.
Menkaure is moderately damaged.
The ogre hits you with a giant club.
* * * LOW HITPOINT WARNING * * *
Menkaure calls on the powers of darkness!
Your body is wracked with pain!
* * * LOW HITPOINT WARNING * * *
Your skin crawls.
You feel resistant to hostile enchantments.
You feel slightly more hungry. The ogre hits you with a giant club!!
You die...

**,*,* #..........#
**,*,* #..........#
**,,,* ###..........#
,*,,,* **#............#
,**,,* *,,,#..........#
,..*,***,**#.........)#
*#...,,,,* #..........#
*#...***** #..!.OM....#
,,...## #####@######
***#..## #.# ####...###
##.#
.........######..###
...................#
.........###.......##
.........#
#........########
.........#
#...............#
.........#
#.....####'###..#


You could see an ogre and Menkaure.

Vanquished Creatures
  A centaur (D:5)
  2 giant frogs
  Blork the orc (D:6)
  3 scorpions
  A howler monkey (D:4)
  A crimson imp (D:5)
  A giant frog skeleton (D:4)
  2 hounds
  2 jellies (D:5)
  A gnoll shaman (D:4)
  2 orc wizards (D:4)
  A centaur skeleton (D:5)
  An iguana (D:4)
  Ijyb (D:2)
  3 worker ants
  Robin (D:4)
  5 gnolls (D:4)
  5 adders
  An adder skeleton (D:5)
  3 worms
  A giant gecko (D:4)
  5 orcs (D:4)
  4 ball pythons
  20 goblins
  13 hobgoblins
  3 jackals (D:2)
  3 quokkas
  8 bats
  3 giant newts
  A jackal skeleton (D:5)
  8 kobolds
  6 rats
  9 withered plants (D:6)
122 creatures vanquished.

Notes
Turn   | Place    | Note
--------------------------------------------------------------
     0 | D:1      | TaintedEon the Minotaur Berserker began the quest for the Orb.
     0 | D:1      | Reached XP level 1. HP: 19/19 MP: 0/0
    67 | D:1      | Reached XP level 2. HP: 19/27 MP: 1/1
   943 | D:2      | Reached ** piety under Trog
  1014 | D:2      | Reached XP level 3. HP: 26/33 MP: 2/2
  1124 | D:2      | Found a bloodstained altar of Trog.
  1669 | D:2      | Reached XP level 4. HP: 19/41 MP: 3/3
  1696 | D:2      | Noticed Ijyb
  1712 | D:2      | Killed Ijyb
  1988 | D:2      | Found a white marble altar of Elyvilon.
  2473 | D:3      | Found an opulent altar of Gozag.
  2626 | D:3      | Reached XP level 5. HP: 36/47 MP: 4/4
  2861 | D:3      | Reached *** piety under Trog
  2928 | D:3      | Found an oddly glowing altar of Pakellas.
  3452 | D:4      | Reached skill level 1 in Maces & Flails
  3452 | D:4      | Reached XP level 6. HP: 55/55 MP: 5/5
  3496 | D:4      | Got a steaming chain mail
  3500 | D:4      | Identified the cursed +1 chain mail "Caynt" {rCorr Str+2} (You found it on level 4 of the Dungeon)
  3538 | D:4      | Reached skill level 5 in Fighting
  3541 | D:4      | Reached skill level 1 in Stealth
  3816 | D:4      | Reached skill level 5 in Armour
  3872 | D:4      | Found a sand-covered staircase.
  3945 | D:4      | Noticed Robin
  3956 | D:4      | Reached **** piety under Trog
  3957 | D:4      | Killed Robin
  4122 | D:4      | Reached XP level 7. HP: 58/61 MP: 6/6
  4171 | D:5      | Entered Level 5 of the Dungeon
  4295 | D:5      | Reached skill level 5 in Dodging
  4368 | D:5      | Found a glowing silver altar of Zin.
  4890 | D:6      | Noticed Blork the orc
  4897 | D:6      | Found an ancient bone altar of Kikubaaqudgha.
  4940 | D:6      | Killed Blork the orc
  5398 | D:6      | Found a deep blue altar of Sif Muna.
  5482 | D:6      | Reached XP level 8. HP: 70/70 MP: 7/7
  5652 | D:6      | Noticed Menkaure
  5663 | D:6      | Mangled by an ogre

Skill      XL: |  1  2  3  4  5  6  7  8 |
---------------+-------------------------+-----
Fighting       | 4 5 6 |  6.0
Axes           | 4 |  4.5
Armour         | 3 4 5 6 |  6.9
Dodging        | 3 4 5 |  5.5
Maces & Flails | 1 3 4 |  4.1
Stealth        | 1 |  1.0

Action                   |  1- 3 |  4- 6 |  7- 9 || total
-------------------------+-------+-------+-------++-------
Melee: Hand axe          |    75 |    15 |       ||    90
       Headbutt          |     7 |    21 |    36 ||    64
       Great mace        |       |   111 |    92 ||   203
Invok: Berserk           |       |     2 |       ||     2
       Trog's Hand       |       |       |     1 ||     1
  Use: Scroll            |     5 |    11 |     6 ||    22
       Potion            |     4 |     4 |     6 ||    14
  Eat: Bread ration      |     1 |       |       ||     1
       Meat ration       |       |     2 |     1 ||     3
Armor: Animal skin       |     6 |       |       ||     6
       Ring mail         |    31 |    38 |       ||    69
       Skin              |     2 |       |       ||     2
       Scale mail        |       |     5 |       ||     5
       Chain mail        |       |    43 |    41 ||    84
Dodge: Dodged            |    61 |   104 |    32 ||   197
